AoeStats
← WiNdIGo

Arena

504073329Analyzed
2v2 RM · 28d ago on Sep 3, 2026· 58m 45s· 4 players
Game mode
Random Map
Map size
Medium (4 player)
Population
200
Speed
Normal
Resources
Standard
Victory
Conquest
Starting age
Dark Age
Ending age
Imperial Age
RankedLock teamsTeams togetherTeam positionsShared explorationLock speedFull tech treeHidden civsTurbo modeCheats
Victory
Defeat
🇷🇺 Spanish · Russia
806
+17
🇷🇺 Bohemians · Russia
802
+18
🇨🇴 Britons · Colombia
848
-18
🇨🇱 Teutons · Chile
826
-17
parradodj
10:51 Feudal Age
12:01 Double-Bit Axe
11:59 Horse Collar
14:05 Gold Mining
17:01 Castle Age
15:34 Stone Mining
19:16 Bow Saw
20:56 Wheelbarrow
22:49 Light Cavalry
23:30 Husbandry
22:53 Pikeman
23:33 Squires
25:50 Gambesons
28:11 Gold Shaft Mining
28:02 Forging
27:53 Scale Mail Armor
27:59 Scale Barding Armor
27:45 Fletching
27:55 Padded Archer Armor
29:39 Devotion
29:19 Elite Skirmisher
30:31 Hand Cart
30:38 Bodkin Arrow
31:19 Iron Casting
31:00 Chain Mail Armor
31:55 Loom
32:14 Murder Holes
32:41 Ballistics
33:12 Caravan
33:48 Fortified Wall
34:42 Yeomen
35:18 Town Watch
38:14 Imperial Age
36:36 Leather Archer Armor
36:43 Chain Barding Armor
37:51 Town Patrol
39:33 Conscription
39:13 Warwolf
38:34 Elite Longbowman
40:58 Bracer
41:29 Ring Archer Armor
41:24 Heavy Plow
42:34 Two-Man Saw
41:30 Halberdier
43:51 Chemistry
44:37 Blast Furnace
44:07 Plate Mail Armor
51:00 Plate Barding Armor
TuChilenitoMorenito
10:49 Feudal Age
12:16 Double-Bit Axe
12:14 Horse Collar
17:01 Castle Age
17:19 Fletching
18:05 Bow Saw
18:04 Heavy Plow
18:12 Gold Mining
20:44 Stone Mining
22:00 Fervor
24:03 Stone Shaft Mining
25:03 Wheelbarrow
29:37 Squires
29:23 Arson
29:47 Scale Barding Armor
29:35 Fletching
29:59 Town Watch
31:38 Hand Cart
31:25 Town Patrol
32:11 Ironclad
35:17 Imperial Age
33:13 Bodkin Arrow
35:50 Elite Teutonic Knight
37:03 Crenellations
36:13 Elite Teutonic Knight
37:28 Conscription
37:47 Hoardings
39:08 Ballistics
39:50 Chemistry
39:30 Scale Mail Armor
39:42 Forging
40:16 Loom
43:21 Iron Casting
43:01 Chain Mail Armor
43:22 Crop Rotation
49:01 Heavy Scorpion
49:02 Onager
Rodi
10:36 Feudal Age
11:04 Double-Bit Axe
11:00 Horse Collar
15:32 Wheelbarrow
18:40 Castle Age
21:15 Bow Saw
21:47 Forging
21:37 Scale Mail Armor
22:07 Heavy Plow
25:07 Iron Casting
24:47 Chain Mail Armor
24:18 Pikeman
27:10 Hand Cart
32:40 Imperial Age
32:41 Chemistry
31:57 Fortified Wall
32:03 Town Watch
32:03 Loom
33:40 Halberdier
34:07 Arson
34:22 Squires
35:55 Siege Engineers
35:31 Treadmill Crane
37:10 Blast Furnace
36:41 Plate Mail Armor
37:27 Conscription
40:41 Town Patrol
40:59 Masonry
41:00 Murder Holes
41:09 Houfnice
44:53 Elite Hussite Wagon
WiNdIGo
10:47 Feudal Age
12:34 Wheelbarrow
11:52 Double-Bit Axe
13:37 Loom
17:42 Castle Age
16:25 Horse Collar
16:40 Gold Mining
16:41 Stone Mining
20:45 Bow Saw
21:35 Heavy Plow
25:54 Hand Cart
26:47 Stone Shaft Mining
29:49 Imperial Age
30:27 Padded Archer Armor
30:32 Scale Barding Armor
30:18 Fletching
30:29 Scale Mail Armor
30:39 Forging
30:43 Masonry
30:40 Inquisition
31:43 Supremacy
31:42 Murder Holes
31:58 Fortified Wall
32:37 Elite Conquistador
35:01 Chemistry
34:19 Leather Archer Armor
34:00 Bodkin Arrow
35:56 Two-Man Saw
36:34 Husbandry
36:52 Bloodlines
38:16 Cavalier
38:41 Man-at-Arms
39:06 Gambesons
40:37 Iron Casting
40:17 Chain Mail Armor
40:23 Chain Barding Armor
40:33 Ring Archer Armor
39:43 Long Swordsman
40:24 Two-Handed Swordsman
41:35 Champion
44:02 Coinage
43:42 Caravan
43:52 Guilds
55:08 Banking
58:39 Blast Furnace
57:35 Bodkin Arrow
58:10 Ring Archer Armor
58:10 Plate Mail Armor
58:16 Plate Barding Armor
58:15 Architecture
57:31 Arrowslits
58:07 Ballistics
57:37 Guard Tower
Connection lost

Rejoining the realm…

Still unreachable

The connection could not be restored.

Session expired

The server has moved on; the page needs a fresh start.